 Seeded DCSS version 0.30-a0-476-g330ca2eb8e (webtiles) character file.

Game seed: 16792993399291170163 (custom seed)

1121 purpskrrrp the Shield-Bearer (level 8, 0/63 HPs)
             Began as a Formicid Fighter on Dec 22, 2022.
             Was a High Priest of Ignis.
             Succumbed to a water moccasin's poison
             ... on level 6 of the Dungeon.
             The game lasted 00:06:47 (5538 turns).

purpskrrrp the Shield-Bearer (Formicid Fighter)     Turns: 5538, Time: 00:06:47

Health: 0/63       AC:  9    Str: 23    XL:     8   Next: 61%
Magic:  8/8        EV:  9    Int:  8    God:    Ignis [*****.]
Gold:   298        SH:  5    Dex: 13    Spells: 7/7 levels left

rFire   + + .      SeeInvis +    l - +8 demon blade of Recklessness {flame, rN+}
rCold   . . .      Faith    .    c - +0 buckler
rNeg    + + .      Spirit   .    b - +0 scale mail
rPois   .          Reflect  .    (helmet unavailable)
rElec   .          Harm     .    f - +1 cloak of Death's Door {rF+ rN+ Will+ Slay+2}
rCorr   +          Rampage  .    (no gloves)
Will    +....                    (no boots)
Stlth   ..........               (no amulet)
HPRegen 0.30/turn                e - ring of resist corrosion
MPRegen 0.11/turn                (no ring)

@: lethally poisoned (0 -> -18)
A: permanent stasis, dig shafts and tunnels, antennae 3, four strong arms
a: Dig, Shaft Self, Renounce Religion, Fiery Armour, Foxfire Swarm, Rising Flame


You were on level 6 of the Dungeon.
You worshipped Ignis.
Ignis was extremely pleased with you.
You visited 1 branch of the dungeon, and saw 7 of its levels.

You collected 298 gold pieces.

Inventory:

Hand Weapons
 a - a +0 war axe
 l - the +8 demon blade of Recklessness (weapon) {flame, rN+}
   (You acquired it on level 2 of the Dungeon)

   It burns those it strikes, dealing additional fire damage.
   Big, fiery blades are also staple armaments of hydra-hunters.
   rN:        It protects you from negative energy.
Armour
 b - a +0 scale mail (worn)
 c - a +0 buckler (worn)
 f - the +1 cloak of Death's Door (worn) {rF+ rN+ Will+ Slay+2}
   (You acquired it on level 5 of the Dungeon)

   Slay:      It affects your accuracy & damage with ranged weapons and melee
   (+2).
   rF:        It protects you from fire.
   rN:        It protects you from negative energy.
   Will:      It increases your willpower.
Jewellery
 e - a ring of resist corrosion (left hand)
 g - a ring of ice
 k - a +6 ring of intelligence
 m - an amulet of guardian spirit
 s - a ring of wizardry
 B - a +6 ring of strength
Scrolls
 h - 2 scrolls of noise
 i - 2 scrolls of vulnerability
 j - 4 scrolls of teleportation
 n - 3 scrolls of poison
 o - a scroll of amnesia {unknown}
 p - 2 scrolls of blinking {unknown}
 r - 2 scrolls of magic mapping {unknown}
 t - 2 scrolls of identify
 u - a scroll of enchant weapon {unknown}
 v - a scroll of enchant armour {unknown}
 y - a scroll of torment {unknown}
 C - a scroll of immolation {unknown}
Potions
 d - 3 potions of might
 q - 2 potions of haste
 w - a potion of attraction
 x - a potion of mutation
 z - a potion of flight
 A - a potion of curing


   Skills:
 + Level 5.4 Fighting
 * Level 5.0 Long Blades
 + Level 4.5 Axes
 + Level 5.4 Armour
 + Level 6.5 Shields


You had 7 spell levels left.
You didn't know any spells.
Your spell library contained the following spells:

 Spells                   Type           Power      Damage    Failure   Level
 Apportation              Tloc           0%         N/A       77%         1
 Necrotise                Necr           0%         1d4       77%         1
 Summon Small Mammal      Summ           0%         N/A       77%         1
 Ensorcelled Hibernation  Hex/Ice        0%         N/A       88%         2
 Passwall                 Tmut/Erth      0%         N/A       88%         2
 Static Discharge         Conj/Air       0%         2-2/arc   88%         2
 Call Canine Familiar     Summ           0%         N/A       98%         3
 Portal Projectile        Hex/Tloc       0%         N/A       98%         3
 Vhi's Electric Charge    Tloc/Air       0%         N/A       98%         3
 Leda's Liquefaction      Hex/Erth       0%         N/A       100%        4
 Arcjolt                  Conj/Air       0%         1d10      100%        5
 Lightning Bolt           Conj/Air       0%         1d11      100%        5
 Swiftness                Air            Unusable   N/A       N/A         3

Dungeon Overview and Level Annotations

Branches:
Dungeon (7/15)
 Temple: D:4-7

Altars:
Dithmenos
Kikubaaqudgha
Nemelex Xobeh
Okawaru
Uskayaw
Yredelemnul
Ignis

Shops:
D:5 (?

Annotations:
D:4 1 runed translucent door, pdpol's ghost, amateur HuNe


Innate Abilities, Weirdness & Mutations

You cannot be hasted, slowed, berserked, paralysed or teleported.
You can dig through walls and to a lower floor.
You have a pair of large antennae on your head. (SInv)
Your four strong arms can wield two-handed weapons with a shield.


Message History

You climb downwards.
The wyvern hisses angrily.
Found a murky golden potion.
Found a stone staircase leading up.
There is a stone staircase leading up here.
A wyvern is nearby!
A centaur comes into view.
A water moccasin comes into view.
Found a short sword and 18 gold pieces.
Found a stone staircase leading down.
There is a stone staircase leading up here.
The centaur shouts!
You hit the wyvern but do no damage. You block the wyvern's attack.
The wyvern bites you!
You hit the wyvern. You burn the wyvern.
The wyvern is moderately wounded.
The wyvern closely misses you.
The centaur wields a +0 shortbow.
The centaur shoots an arrow.
The arrow hits you. You block the wyvern's attack.
The water moccasin bites you but does no damage.
The wyvern barely misses you.
The centaur shoots an arrow.
You block the arrow.
You climb upwards.
There is a stone staircase leading down here.
You hit the wyvern but do no damage.
The wyvern is moderately wounded.
The water moccasin bites you.
You are poisoned.
The water moccasin poisons you! The wyvern completely misses you.
The water moccasin bites you.
You are more poisoned.
The water moccasin poisons you!
You slash the wyvern! You burn the wyvern.
The wyvern is severely wounded.
You feel extremely sick. The wyvern bites you!
* * * LOW HITPOINT WARNING * * *
The water moccasin bites you but does no damage.
The wyvern bites you!
* * * LOW HITPOINT WARNING * * *
You hit the wyvern. You burn the wyvern.
The wyvern is almost dead.
You die...

.....######.###..#[# #.#
...........))....#.# #.#
#........##.###.##.# #.#
#......).##.# #.##.# #.#
.........##.# #....# #.#
##.......##)# ###### #.#
#.......##.# #.#
##.......##.###### #.#
.........'.....l@# #.#
.........#######S# #.#
....###### #.# ###.##
....# #.# #....#
################.###.####
#......................#
#.#############.###.#.##
#.# #.# #.#.# #.# #.#
#.#.#


You could see a water moccasin and a wyvern.

Vanquished Creatures
  A water moccasin (D:6)
  A black bear (D:5)
  An ogre (D:4)
  A phantom (D:5)
  2 howler monkeys
  4 orc priests
  2 hounds (D:6)
  3 jellies
  A gnoll bouda (D:6)
  Jessica (D:3)
  2 iguanas (D:5)
  2 orc wizards
  Robin (D:4)
  7 gnolls
  9 adders
  An ufetubus (D:4)
  2 worms (D:2)
  14 orcs
  8 ball pythons
  4 bats
  6 endoplasms
  2 giant cockroaches (D:2)
  11 goblins
  11 hobgoblins
  5 jackals
  5 quokkas
  2 frilled lizards
  6 kobolds
  2 rats (D:1)
117 creatures vanquished.

Notes
Turn   | Place    | Note
-------+----------+-------------------------------------------
     0 | D:1      | purpskrrrp the Formicid Fighter began the quest for the
                  | Orb.
     0 | D:1      | Reached XP level 1. HP: 18/18 MP: 1/1
   140 | D:1      | Reached XP level 2. HP: 24/24 MP: 2/2
   557 | D:1      | Reached XP level 3. HP: 28/29 MP: 3/3
  1066 | D:2      | Identified a scroll of acquirement
  1066 | D:2      | Acquired the +8 demon blade of Recklessness {flame, rN+}
  1196 | D:2      | Reached XP level 4. HP: 30/37 MP: 4/4
  1420 | D:2      | Reached skill level 1 in Long Blades
  1567 | D:2      | Found a faded altar of an unknown god.
  1597 | D:2      | Prayed at the altar of an unknown god.
  1597 | D:2      | Became a worshipper of Ignis, the Dying Flame
  2089 | D:3      | Noticed Jessica
  2094 | D:3      | Killed Jessica
  2095 | D:3      | Reached XP level 5. HP: 40/42 MP: 5/5
  2412 | D:3      | Found a shadowy altar of Dithmenos.
  2416 | D:3      | Found an ancient bone altar of Kikubaaqudgha.
  2416 | D:3      | Found an iron altar of Okawaru.
  2424 | D:3      | Found a sparkling altar of Nemelex Xobeh.
  2427 | D:3      | Found a hide-covered altar of Uskayaw.
  2594 | D:4      | Noticed Robin
  2608 | D:4      | Killed Robin
  2609 | D:4      | Reached skill level 5 in Shields
  2610 | D:4      | Reached XP level 6. HP: 41/48 MP: 6/6
  2808 | D:4      | Noticed an ogre
  2813 | D:4      | Killed an ogre
  3052 | D:4      | Found a basalt altar of Yredelemnul.
  3094 | D:4      | Found a runed translucent door.
  3094 | D:4      | Noticed pdpol's ghost (amateur HuNe)
  3439 | D:5      | Entered Level 5 of the Dungeon
  3439 | D:5      | Found Utyak's Magic Scroll Emporium.
  3488 | D:5      | Reached XP level 7. HP: 49/55 MP: 7/7
  3592 | D:5      | Found Toxkas's Antique Weapon Shop.
  3977 | D:5      | Reached skill level 5 in Fighting
  3977 | D:5      | Reached skill level 5 in Armour
  3977 | D:5      | Reached skill level 6 in Shields
  3977 | D:5      | Reached XP level 8. HP: 31/62 MP: 8/8
  4547 | D:5      | Acquired the +1 cloak of Death's Door {rF+ rN+ Will+
                  | Slay+2}
  5244 | D:6      | Reached skill level 5 in Long Blades
  5528 | D:7      | Noticed a wyvern
  5537 | D:6      | HP: 3/63 [wyvern (10)]
  5538 | D:6      | Succumbed to a water moccasin's poison

Illustrated notes

Levels and vault maps discovered:
D:1:      lemuel_arrival_tunnels, layout_basic
D:2:      layout_basic, nicolae_ecumenical_lake_church, serial_forest,
          infiniplex_forest_clump_small, infiniplex_forest_clump_small,
          infiniplex_forest_straight_3, infiniplex_forest_straight_1,
          infiniplex_forest_lined_2
D:3:      layout_loops_corners, minmay_overflow_temple_star_hex, uniq_jessica
D:4:      layout_basic, yredelemnul_altar_generic, gammafunk_ghost_grave,
          uniq_robin
D:5:      layout_gridville, serial_shops, kennysheep_mini, abandoned_shop,
          nicolae_stop_n_shop_1
D:6:      layout_basic
D:7:      layout_cave_pools, minmay_temple_entry_offerings,
          gammafunk_ghost_arena

Skill      XL: |  1  2  3  4  5  6  7  8 |
---------------+-------------------------+-----
Long Blades    | 1 2 3 4 5 |  5.0
Axes           | 3 4 |  4.5
Fighting       | 4 5 |  5.4
Armour         | 4 5 |  5.4
Shields        | 5 6 |  6.5

Action                   |  1- 3 |  4- 6 |  7- 9 || total
-------------------------+-------+-------+-------++-------
Melee: War axe           |    68 |       |       ||    68
       Demon blade       |    13 |   108 |    85 ||   206
  Use: Scroll            |     4 |       |     6 ||    10
Armor: Scale mail        |    55 |    34 |    40 ||   129
Dodge: Dodged            |    45 |    34 |    45 ||   124
Block: Buckler           |    29 |    14 |    32 ||    75

Table legend: (Time is in decaauts)
 A = Elapsed time spent in this place.
 B = Non-inter-level travel time spent in this place.
 C = Inter-level travel time spent in this place.
 D = Time resting spent in this place.
 E = Time spent auto-exploring this place.
 F = Levels seen in this place.
 G = Mean time per level.
                   A        B        C        D        E       F      G
               +--------+--------+--------+--------+--------+-----+--------+
         Total |   5605 |   5461 |    144 |    298 |   4418 |   7 |  800.7 |
       Dungeon |   5605 |   5461 |    144 |    298 |   4418 |   7 |  800.7 |
               +--------+--------+--------+--------+--------+-----+--------+

Top non-repeatable levels by time:
     D:5: 1144 daAuts
     D:1: 1030 daAuts
     D:6: 960 daAuts
     D:4: 917 daAuts
     D:3: 840 daAuts
     D:2: 705 daAuts
     D:7: 6 daAuts
